 Dungeon Crawl Stone Soup version 0.28-a0-1524-ge72afd5fc6 (webtiles) character file.

Game seed: 81486036811342046

213 HallandMoats the Skirmisher (level 5, -1/47 HPs)
             Began as a Ghoul Fighter on Jan 17, 2022.
             Was a Follower of Uskayaw.
             Slain by a gnoll (2 damage)
             ... on level 4 of the Dungeon.
             The game lasted 00:02:27 (3178 turns).

HallandMoats the Skirmisher (Ghoul Fighter)         Turns: 3178, Time: 00:02:28

Health: -1/47      AC:  8    Str: 20    XL:     5   Next: 90%
Magic:  4/4        EV:  9    Int:  5    God:    Uskayaw [*.....]
Gold:   68         SH:  4    Dex:  8    Spells: 4/4 levels left

rFire   . . .      SeeInvis .   a - +0 war axe
rCold   + . .      Faith    .   c - +0 buckler
rNeg    + + +      Spirit   .   b - +0 scale mail
rPois   ∞          Reflect  .   (no helmet)
rElec   .          Harm     .   i - +0 cloak
rCorr   .          Rampage  .   (no gloves)
Will    .....                   (no boots)
Stlth   ..........              (no amulet)
HPRegen 0.00/turn               (no ring)
MPRegen 0.09/turn               (no ring)

@: inhibited regen
A: claws 1, cold resistance 1, negative energy resistance 3, inhibited
regeneration, torment resistance 2
a: Renounce Religion, Stomp


You were on level 4 of the Dungeon.
You worshipped Uskayaw.
Uskayaw was noncommittal.
You visited 1 branch of the dungeon, and saw 4 of its levels.

You collected 68 gold pieces.

Inventory:

Hand Weapons
 a - a +0 war axe (weapon)
Armour
 b - a +0 scale mail (worn)
 c - a +0 buckler (worn)
 i - a +0 cloak (worn)
Scrolls
 f - 3 scrolls of teleportation {unknown}
 h - a scroll of immolation {unknown}
 m - a scroll of enchant armour {unknown}
Potions
 d - a potion of attraction {unknown}
 e - 3 potions of mutation {unknown}
 g - a potion of curing {unknown}
 j - a potion of heal wounds {unknown}
 k - a potion of magic {unknown}
 l - a potion of cancellation {unknown}


   Skills:
 * Level 4.6 Fighting
 * Level 3.1 Axes
 + Level 3.3 Armour
 + Level 1.6 Dodging
 + Level 3.3 Shields


You had 4 spell levels left.
You didn't know any spells.
Your spell library contained the following spells:

 Spells                   Type           Power      Damage    Failure   Level
 Magic Dart               Conj           0%         1d3       89%         1
 Searing Ray              Conj           0%         2d4       96%         2
 Fulminant Prism          Conj/Hex       0%         3d6       100%        4


Dungeon Overview and Level Annotations

Branches:
Dungeon (4/15)             Temple (0/1) D:4

Altars:
Dithmenos
Fedhas
Nemelex Xobeh
Uskayaw


Innate Abilities, Weirdness & Mutations

You thrive by killing the living.
You are immune to poison.
You have sharp fingernails.
Your flesh is cold resistant. (rC+)
You are immune to negative energy. (rN+++)
You do not regenerate when monsters are visible.
You are immune to unholy pain and torment.


Message History

You are too injured to fight recklessly!
You are too injured to fight recklessly!
You are too injured to fight recklessly!
You are too injured to fight recklessly!
You are too injured to fight recklessly!
You are too injured to fight recklessly!
You are too injured to fight recklessly!
You are too injured to fight recklessly!
You are too injured to fight recklessly!
You are too injured to fight recklessly!
You struggle against the net.
The gnoll hits you but does no damage. x2
You struggle against the net.
The gnoll barely misses you. x2
The gnoll hits you but does no damage.
You struggle against the net.
The gnoll hits you with a +0 club. The gnoll hits you but does no damage.
The gnoll hits you with a +0 whip.
You rip the net and break free!
The gnoll closely misses you. The gnoll barely misses you.
The gnoll hits you but does no damage.
You slash the gnoll!
You kill the gnoll!
You barely miss the gnoll.
The gnoll hits you but does no damage. x2
The gnoll barely misses you.
You closely miss the gnoll.
The gnoll is moderately wounded.
The gnoll hits you from afar with a +0 spear.
* * * LOW HITPOINT WARNING * * *
The gnoll closely misses you.
The gnoll throws a throwing net.
The throwing net hits you.
You become entangled in the net!
You struggle against the net.
The gnoll hits you with a +0 club.
* * * LOW HITPOINT WARNING * * *
The gnoll hits you from afar with a +0 spear.
* * * LOW HITPOINT WARNING * * *
You struggle against the net.
The gnoll hits you with a +0 club.
* * * LOW HITPOINT WARNING * * *
The gnoll hits you from afar with a +0 spear.
* * * LOW HITPOINT WARNING * * *
You rip the net and break free!
The gnoll hits you with a +0 club.
* * * LOW HITPOINT WARNING * * *
The gnoll closely misses you. The gnoll hits you with a +0 club.
You die...

#.# #.....#
#.#####'##########
#.##.##.##........
#####.#.#...##.#.#####
####...#..##........§...§
.........###.≈≈≈≈≈.≈§≈≈≈≈
####....## #.≈....§§§§...
#>###.###.≈.≈≈≈≈§.§§≈§
#.###@.##.≈.§.§§§§≈§§
#...g.).#.≈.≈.≈.≈§§.§
#..##.....≈.≈_≈.≈.§.§. #.
##g#..≈.≈≈§.§§≈§≈§ ..
?#..≈.. .. .# .≈≈≈ . .#
..(. .# ..# ..


You could see 2 gnolls.

Vanquished Creatures
  A phantom (D:3)
  A hound (D:3)
  A gnoll (D:4)
  5 adders
  4 dart slugs
  6 ball pythons
  3 endoplasms
  3 giant cockroaches
  3 hobgoblins
  2 jackals (D:2)
  2 quokkas
  5 bats
  2 frilled lizards
  6 goblins
  5 kobolds
  4 rats
53 creatures vanquished.

Vanquished Creatures (others)
  2 fungi (D:3)
  A plant (D:3)
3 creatures vanquished.

Grand Total: 56 creatures vanquished

Notes
Turn   | Place    | Note
-------+----------+-------------------------------------------
     0 | D:1      | HallandMoats the Ghoul Fighter began the quest for the Orb.
     0 | D:1      | Reached XP level 1. HP: 19/19 MP: 0/0
   148 | D:1      | Reached XP level 2. HP: 22/26 MP: 1/1
   894 | D:2      | Reached XP level 3. HP: 33/33 MP: 2/2
  1333 | D:2      | Found a shadowy altar of Dithmenos.
  1637 | D:2      | Reached skill level 1 in Dodging
  1740 | D:2      | Reached XP level 4. HP: 40/40 MP: 3/3
  1748 | D:2      | Reached skill level 4 in Fighting
  1887 | D:3      | Found a faded altar of an unknown god.
  1907 | D:3      | Prayed at the altar of an unknown god.
  1907 | D:3      | Became a worshipper of Uskayaw the Reveller
  1907 | D:3      | Reached * piety under Uskayaw
  2113 | D:3      | Noticed a phantom
  2118 | D:3      | Reached ** piety under Uskayaw
  2128 | D:3      | Killed a phantom
  2129 | D:3      | Reached XP level 5. HP: 17/47 MP: 4/4
  3125 | D:4      | Found a staircase to the Ecumenical Temple.
  3140 | D:4      | Found a sparkling altar of Nemelex Xobeh.
  3142 | D:4      | Found a blossoming altar of Fedhas.
  3177 | D:4      | HP: 1/47 [gnoll (5)]
  3178 | D:4      | Slain by a gnoll

Illustrated notes

Levels and vault maps discovered:
D:1:      minmay_arrival_four_loops, layout_basic, palyth_stone_intersect
D:2:      layout_basic, basic_altar, amethyst_killhole
D:3:      kb_forest_paths, layout_basic,
          shapermc_ecumenical_altar_mp_urbaneastern
D:4:      layout_loops_ring, mainiacjoe_overflow_catwalk_spiral,
          minmay_temple_entry_hall, hangedman_decor_points, serial_bayou_pond_a,
          hangedman_decor_riveting, uniq_natasha, uniq_robin

Skill      XL: |  1  2  3  4  5 |
---------------+----------------+-----
Axes           | 2 3 |  3.1
Shields        | 3 |  3.3
Dodging        | 1 |  1.6
Armour         | 3 |  3.3
Fighting       | 4 |  4.6

Action                   |  1- 3 |  4- 6 || total
-------------------------+-------+-------++-------
Melee: War axe           |   116 |   106 ||   222
  Use: Potion            |       |     1 ||     1
Armor: Scale mail        |    59 |    61 ||   120
Dodge: Dodged            |    72 |    77 ||   149
Block: Buckler           |    18 |    20 ||    38

Table legend: (Time is in decaauts)
 A = Elapsed time spent in this place.
 B = Non-inter-level travel time spent in this place.
 C = Inter-level travel time spent in this place.
 D = Time resting spent in this place.
 E = Time spent auto-exploring this place.
 F = Levels seen in this place.
 G = Mean time per level.
                   A        B        C        D        E       F      G
               +--------+--------+--------+--------+--------+-----+--------+
         Total |   3270 |   3147 |    123 |    268 |   2360 |   4 |  817.5 |
       Dungeon |   3270 |   3147 |    123 |    268 |   2360 |   4 |  817.5 |
               +--------+--------+--------+--------+--------+-----+--------+

Top non-repeatable levels by time:
     D:3: 1227 daAuts
     D:2: 1082 daAuts
     D:1: 834 daAuts
     D:4: 125 daAuts
